AoeStats
← Jan Itor

Arena

510426148Analyzed
4v4 RM · 10h ago on Oct 1, 2026· 33m 11s· 8 players
Game mode
Random Map
Map size
Large (8 player)
Population
200
Speed
Normal
Resources
Standard
Victory
Conquest
Starting age
Dark Age
Ending age
Imperial Age
RankedLock teamsTeams togetherTeam positionsShared explorationLock speedFull tech treeHidden civsTurbo modeCheats
Victory
Defeat
🇮🇹 Varangians · Italy
2208
+1
🇮🇹 Khmer · Italy
1945
+5
🇩🇪 Bohemians · Germany
1936
+5
🇩🇪 Burmese · Germany
1869
+7
🇨🇳 Khmer · China
1861
-8
🇩🇪 Danes · Germany
1844
-8
🇧🇩 Britons · Bangladesh
1427
-1
🇧🇷 Teutons · Brazil
1425
-1
RoR | Smokealot
11:56 Feudal Age
15:42 Castle Age
14:04 Horse Collar
14:27 Padded Archer Armor
24:25 Bloodlines
24:53 Husbandry
28:50 Wheelbarrow
28:00 Loom
29:41 Fortified Wall
32:36 Hand Cart
32:06 Town Watch
32:32 Heavy Plow
OS | 展毅
9:56 Feudal Age
12:46 Castle Age
10:51 Double-Bit Axe
11:01 Horse Collar
18:03 Loom
22:17 Bow Saw
24:43 Wheelbarrow
24:42 Heavy Plow
27:42 Imperial Age
25:35 Gold Mining
26:09 Hand Cart
27:04 Gold Shaft Mining
26:58 Stone Mining
27:44 Capped Ram
27:44 Heavy Scorpion
28:50 Conscription
29:20 Crop Rotation
29:18 Ballistics
29:58 Chemistry
29:15 Double Crossbow
29:37 Siege Engineers
29:51 Fortified Wall
30:28 Town Watch
30:27 Siege Ram
31:51 Coinage
32:48 Hoardings
33:38 Banking
Yuki
10:50 Feudal Age
11:57 Double-Bit Axe
14:36 Castle Age
12:19 Horse Collar
15:34 Bow Saw
16:10 Fervor
19:39 Wheelbarrow
21:05 Hand Cart
24:24 Fletching
25:17 Bodkin Arrow
26:28 Chemistry
25:36 Loom
25:43 Loom
30:27 Padded Archer Armor
31:54 Leather Archer Armor
31:56 Heavy Plow
33:24 Town Watch
OS+ | VoNDutcH
11:23 Feudal Age
12:18 Double-Bit Axe
12:15 Horse Collar
15:19 Castle Age
16:19 Bow Saw
16:31 Town Watch
22:11 Wheelbarrow
22:46 Heavy Plow
23:13 Gold Mining
23:44 Hand Cart
29:05 Imperial Age
27:34 Scale Barding Armor
27:48 Stone Mining
28:11 Bloodlines
28:01 Husbandry
29:46 Forging
29:56 Chain Barding Armor
29:39 Treadmill Crane
31:00 Chemistry
29:23 Elite Jarl
30:29 Conscription
31:22 Iron Casting
31:23 Plate Barding Armor
30:57 Siege Engineers
31:12 Ballistics
30:55 Loom
33:16 Blast Furnace
32:09 Fletching
32:56 Crop Rotation
33:27 Two-Man Saw
爱种田的太奶
10:34 Feudal Age
13:36 Castle Age
11:24 Double-Bit Axe
11:20 Horse Collar
14:34 Bow Saw
15:11 Wheelbarrow
20:52 Loom
20:53 Town Watch
21:15 Heavy Plow
25:55 Imperial Age
23:35 Gold Mining
24:37 Bloodlines
24:28 Husbandry
25:39 Scale Barding Armor
25:58 Hand Cart
27:02 Chain Barding Armor
27:55 Gold Shaft Mining
28:10 Ballistics
28:38 Plate Barding Armor
28:31 Forging
30:17 Iron Casting
30:07 Elite Battle Elephant
32:22 Chemistry
32:07 Crop Rotation
32:11 Conscription
32:30 Tusk Swords
32:28 Heavy Scorpion
Gunslinger
10:58 Feudal Age
12:30 Double-Bit Axe
14:57 Castle Age
16:15 Bow Saw
15:56 Horse Collar
20:05 Loom
21:54 Wheelbarrow
21:55 Heavy Plow
27:29 Gold Mining
27:30 Stone Mining
29:33 Gold Shaft Mining
33:47 Imperial Age
32:20 Hand Cart
31:31 Crossbowman
Tylenol
10:39 Feudal Age
14:27 Castle Age
12:20 Horse Collar
13:41 Double-Bit Axe
15:26 Bow Saw
21:42 Wheelbarrow
23:55 Hand Cart
24:32 Scale Barding Armor
28:33 Imperial Age
26:25 Chain Barding Armor
26:45 Forging
26:34 Gold Mining
26:48 Heavy Plow
28:34 Iron Casting
28:39 Bloodlines
30:26 Two-Man Saw
30:50 Crop Rotation
30:30 Stone Mining
31:23 Plate Barding Armor
30:25 Cavalier
31:59 Plate Barding Armor
31:30 Onager
Jan Itor
11:20 Feudal Age
12:17 Horse Collar
12:30 Double-Bit Axe
15:18 Castle Age
14:12 Scale Mail Armor
16:22 Bow Saw
16:28 Chain Mail Armor
25:03 Heavy Plow
26:47 Loom
27:41 Wheelbarrow
33:04 Imperial Age
31:48 Town Watch
32:19 Hand Cart
32:20 Fletching
Connection lost

Rejoining the realm…

Still unreachable

The connection could not be restored.

Session expired

The server has moved on; the page needs a fresh start.